 Dungeon Crawl Stone Soup version 0.31-a0-971-g75a2e9a4b4 (webtiles) character file.

Game seed: 13341024418128800917

90826 skwerlee the Executioner (level 16, -3/113 HPs)
             Began as a Gargoyle Berserker on Oct 28, 2023.
             Was the Champion of Trog.
             Slain by an entropy weaver (5 damage)
             ... on level 3 of the Spider Nest on Oct 29, 2023.
             The game lasted 00:45:50 (22437 turns).

skwerlee the Executioner (Gargoyle Berserker)      Turns: 22437, Time: 00:45:50

Health: -3/113     AC: 23    Str: 32 (34) XL:     16   Next: 1%
Magic:  16/16      EV: 10    Int:  9      God:    Trog [******]
Gold:   2174       SH:  0    Dex:  9      Spells: 15/15 levels left

rFire   . . .        E - +5 battleaxe (protect)
rCold   . . .        (shield currently unavailable)
rNeg    + . .        p - +0 shadow dragon scales
rPois   ∞            F - +2 helmet
rElec   +            S - +2 cloak
rCorr   .            t - +2 pair of gloves
SInv    +            (no boots)
Will    +....        k - amulet of Vitality {RegenMP++ Regen++}
Stlth   ++           s - +6 ring of strength
HPRegen 1.98/turn    q - ring of see invisible
MPRegen 0.95/turn

%: no passive effects
@: confused, corroded, under a protective aura, on berserk cooldown, flying,
slowed, very slow
A: sickness immunity, AC +12, big wings, negative energy resistance 1,
electricity resistance, torment resistance 1, petrification resistance, hooves
1, deterioration 1, robust 1
a: Renounce Religion, Berserk, Trog's Hand, Brothers in Arms


You were on level 3 of the Spider Nest.
You worshipped Trog.
Trog was exalted by your worship.
You visited 3 branches of the dungeon, and saw 20 of its levels.
You also visited: Bailey.

You collected 2174 gold pieces.

Inventory:

Hand Weapons
 v - a +4 scimitar of flaming
 A - a +2 battleaxe of venom
 E - a +5 battleaxe of protection (weapon)
Missiles
 P - 2 throwing nets
Armour
 p - +0 shadow dragon scales (worn)
 t - a +2 pair of gloves (worn)
 F - a +2 helmet (worn)
 S - a +2 cloak (worn)
Jewellery
 k - the amulet of Vitality (around neck) {RegenMP++ Regen++}
   (You found it on level 9 of the Dungeon)

   [amulet of magic regeneration]

   RegenMP:   It increases your rate of magic regeneration.
   Regen++:   It increases your rate of health regeneration.
 q - a ring of see invisible (right hand)
 s - a +6 ring of strength (left hand)
 x - an amulet of reflection
 O - a ring of ice
 V - a ring of protection from cold
 X - a +6 ring of intelligence
Wands
 c - a wand of flame (12)
 w - a wand of quicksilver (12)
 C - a wand of charming (19)
 D - a wand of iceblast (28)
 I - a wand of digging (6)
 R - a wand of mindburst (12)
Scrolls
 f - a scroll of torment
 g - a scroll of silence
 h - 3 scrolls of fear
 j - 4 scrolls of poison
 l - 7 scrolls of teleportation
 y - 2 scrolls of noise
 G - a scroll of summoning {unknown}
 H - 2 scrolls of immolation
 J - 2 scrolls of fog
 K - a scroll of enchant armour
 N - a scroll of vulnerability {unknown}
 Q - 2 scrolls of blinking
 T - a scroll of revelation
 U - a scroll of identify
 W - a scroll of enchant weapon
Potions
 a - 2 potions of cancellation {unknown}
 b - 5 potions of heal wounds
 d - 2 potions of ambrosia
 e - 7 potions of enlightenment
 i - 2 potions of attraction
 m - a potion of invisibility {unknown}
 n - a potion of might {unknown}
 o - 11 potions of curing
 r - 4 potions of brilliance
 u - 2 potions of magic
 z - 3 potions of haste
 B - a potion of degeneration
 M - 2 potions of mutation
Miscellaneous
 L - a phial of floods


   Skills:
 - Level 12.4 Fighting
 + Level 2.3 Long Blades
 + Level 22.1 Axes
 - Level 7.6 Armour
 - Level 3.2 Dodging
 - Level 2.9 Stealth
 + Level 0.5 Shields


You had 15 spell levels left.
You didn't know any spells.
Your spell library was empty.

Dungeon Overview and Level Annotations

Branches:
Dungeon (12/15)            Temple (0/1) D:7            Lair (5/5) D:10
  Swamp (0/4) Lair:3       Spider (3/4) Lair:3        Slime (0/5) Lair:4
    Orc (0/2) D:10         Bailey (visited)

Altars:
Dithmenos
Elyvilon
Gozag
Hepliaklqana
Nemelex Xobeh
Okawaru
Qazlal
Uskayaw
Vehumet
Xom
The Shining One
Lugonu

Shops:
D:8 *

Portals:
Abyss: Lair:5

Annotations:
D:3 1 runed translucent door, bchevrier's ghost, weakling GnWn
D:9 Jeremiah
Lair:3 3 runed translucent doors, SkeletonJelly's ghost, journeyman DsCK
Spider:1 Roxanne


Innate Abilities, Weirdness & Mutations

You are immune to sickness and miasma.
Your stone body is resilient. (AC +12)
You are immune to poison.
Your large and strong wings let you fly.
You resist negative energy. (rN+)
You are resistant to electric shocks. (rElec)
You are resistant to unholy torment.
You are immune to petrification.
You have large cloven feet.
Your body sometimes deteriorates upon taking damage.
You are robust. (+10% HP)


Message History

You slice the tarantella!!
The tarantella is almost dead.
You closely miss the entropy weaver. You miss the entropy weaver.
The tarantella touches you!
The entropy weaver hits you but does no damage.
The entropy weaver barely misses you. The entropy weaver hits you!
The entropy weaver closely misses you.
The entropy weaver barely misses you. x2
The entropy weaver hits you but does no damage.
The entropy weaver hits you! x2; The entropy weaver hits you.
The entropy weaver barely misses you.
The entropy weaver hits you but does no damage.
The tarantella closely misses you.
You're too confused to move!
The entropy weaver hits you but does no damage.
The entropy weaver hits you!
* * * LOW HITPOINT WARNING * * *
The entropy weaver hits you but does no damage. x2
The tarantella barely misses you. The entropy weaver hits you.
* * * LOW HITPOINT WARNING * * *
The entropy weaver closely misses you.
The entropy weaver hits you but does no damage.
The entropy weaver hits you.
* * * LOW HITPOINT WARNING * * *
The entropy weaver hits you!
* * * LOW HITPOINT WARNING * * *
The entropy weaver completely misses you.
The entropy weaver hits you but does no damage.
The entropy weaver barely misses you. The tarantella touches you!
* * * LOW HITPOINT WARNING * * *
You're too confused to move!
The entropy weaver misses you.
The entropy weaver hits you but does no damage.
The entropy weaver barely misses you. The entropy weaver hits you.
* * * LOW HITPOINT WARNING * * *
The tarantella closely misses you. The entropy weaver barely misses you.
The entropy weaver closely misses you.
The entropy weaver hits you but does no damage.
The entropy weaver closely misses you.
The entropy weaver hits you but does no damage.
The entropy weaver closely misses you. The entropy weaver hits you.
You die...

...... .... .......#
.........#.. #...#.......
#...#...^.# . ≈≈
#^.#...^#.#~# ≈≈≈
####.##†.....~#
≈##≈≈#≈.^.sB........
~#~≈≈≈#≈^..@B†.......
~.....#~#..$#.........
~......~..........>..#
......##.^.....#.^...
#~###....#..............
##.#^...........##.#.#...
...........=...^....#....
...............^.#)#^..#.
#.....#.........#....#


You could see 2 entropy weavers and a tarantella.

Vanquished Creatures
  6 emperor scorpions
  2 ghost moths
  An entropy weaver (Spider:2)
  2 hydras (Lair:2)
  A catoblepas (Lair:2)
  Erica (D:9)
  A centaur warrior (D:12)
  A radroach (Spider:2)
  A boulder beetle (Spider:2)
  3 two-headed ogres
  4 death yaks (Lair:3)
  3 demonic crawlers
  3 thrashing horrors (Lair:5)
  A skyshark (Lair:5)
  2 pharaoh ants
  3 orb spiders (Spider:2)
  2 large abominations (Lair:5)
  A deep troll (D:9)
  A steelbarb worm (Spider:2)
  7 wolf spiders
  A manticore (D:12)
  3 ugly things
  4 elephants (Lair:2)
  8 black mambas
  5 smoke demons (Lair:5)
  4 torpor snails
  9 slime creatures
  19 cane toads
  3 gargoyles
  6 rime drakes
  4 komodo dragons
  Grinder (D:4)
  5 trolls
  A merfolk (D:11)
  16 tarantellas
  2 raiju (Lair:5)
  13 hornets
  7 polar bears
  25 blink frogs
  18 jumping spiders
  Sigmund (D:4)
  A vampire (D:11)
  14 culicivoras
  A spriggan (Lair:5)
  11 wyverns
  61 yaks
  3 ynoxinuls (Lair:5)
  A wraith (D:11)
  7 basilisks
  8 vampire mosquitoes
  36 redbacks
  2 acid dragons (D:11)
  11 water moccasins
  4 ice beasts
  A sky beast (D:6)
  5 orc warriors
  4 boggarts (Lair:2)
  17 wolves
  2 ogres
  A black bear (D:8)
  3 centaurs
  2 phantoms (D:6)
  5 kobold brigands (Bailey)
  11 bullfrogs
  6 scorpions
  16 wights
  5 killer bees (D:10)
  6 electric eels
  A jelly (D:5)
  3 hounds
  12 small abominations (Lair:5)
  3 orc priests
  A sleepcap (D:5)
  16 orc wizards
  3 iguanas
  10 gnolls
  8 adders
  A shadow imp (D:5)
  A white imp (D:7)
  A worm (D:3)
  A dart slug (D:3)
  41 orcs
  8 ball pythons
  6 endoplasms
  A giant cockroach (D:4)
  6 goblins
  8 hobgoblins
  13 jackals
  3 quokkas
  6 bats
  A frilled lizard (D:3)
  15 kobolds
  7 rats
621 creatures vanquished.

Notes
Turn   | Place    | Note
-------+----------+-------------------------------------------
     0 | D:1      | skwerlee the Gargoyle Berserker began the quest for the
                  | Orb.
     0 | D:1      | Reached XP level 1. HP: 14/14 MP: 1/1
   299 | D:1      | Reached XP level 2. HP: 19/19 MP: 2/2
   325 | D:1      | Reached skill level 3 in Axes
   553 | D:1      | Found a faded altar of an unknown god.
   744 | D:1      | Reached XP level 3. HP: 24/24 MP: 3/3
   765 | D:1      | Reached ** piety under Trog
  1219 | D:2      | Reached XP level 4. HP: 26/29 MP: 4/4
  1553 | D:2      | Reached skill level 1 in Stealth
  1598 | D:2      | Reached skill level 4 in Axes
  1598 | D:2      | Reached XP level 5. HP: 29/33 MP: 5/5
  2341 | D:3      | Noticed bchevrier's ghost (weakling GnWn)
  2342 | D:3      | Found a runed translucent door.
  2907 | D:3      | Found a sparkling altar of Nemelex Xobeh.
  2984 | D:4      | Noticed Sigmund
  3015 | D:4      | Killed Sigmund
  3016 | D:4      | Reached XP level 6. HP: 35/39 MP: 6/6
  3281 | D:4      | Noticed Grinder
  3286 | D:4      | Paralysed by Grinder for 4 turns
  3300 | D:4      | Paralysed by Grinder for 5 turns
  3329 | D:4      | Killed Grinder
  3330 | D:4      | Reached skill level 5 in Axes
  3330 | D:4      | Reached XP level 7. HP: 5/44 MP: 7/7
  3733 | D:4      | Reached *** piety under Trog
  3770 | D:4      | Found a hide-covered altar of Uskayaw.
  3997 | D:4      | Found a stormy altar of Qazlal.
  3997 | D:4      | Found a shimmering altar of Xom.
  4315 | D:4      | Found a white marble altar of Elyvilon.
  4366 | D:5      | Entered Level 5 of the Dungeon
  4459 | D:5      | Reached skill level 5 in Fighting
  4896 | D:5      | Reached skill level 6 in Axes
  4993 | D:5      | Reached XP level 8. HP: 45/49 MP: 8/8
  5124 | D:5      | Found a shadowy altar of Dithmenos.
  5882 | D:6      | Reached skill level 7 in Axes
  6185 | D:6      | Identified the +8 morningstar of Absolution {speed, Drain
                  | rPois Dex+3}
  6491 | D:6      | Found a hazy altar of Hepliaklqana.
  6788 | D:6      | Reached skill level 5 in Armour
  7084 | D:6      | Found a glowing golden altar of the Shining One.
  7117 | D:6      | Found an iron altar of Okawaru.
  7152 | D:6      | Reached **** piety under Trog
  7199 | D:6      | Reached XP level 9. HP: 55/55 MP: 9/9
  7524 | D:7      | Reached skill level 8 in Axes
  7737 | D:7      | Found a flagged portal.
  7757 | Bailey   | Entered a bailey
  8030 | Bailey   | Found an iron altar of Okawaru.
  8272 | D:7      | Found a staircase to the Ecumenical Temple.
  8441 | D:7      | Reached skill level 9 in Axes
  8818 | D:8      | Reached XP level 10. HP: 64/64 MP: 10/10
  9249 | D:8      | Found an opulent altar of Gozag.
  9252 | D:8      | Found Gozag's Platinum Reserve.
  9348 | D:9      | Identified the +0 sling "Peat" {antimagic, Will+ Str+2}
  9401 | D:9      | Noticed Erica
  9412 | D:9      | Killed Erica
  9413 | D:9      | Reached skill level 10 in Axes
  9937 | D:9      | Noticed a deep troll
  9938 | D:9      | Found the amulet of Vitality {RegenMP++ Regen++}
  9948 | D:9      | Killed a deep troll
 10137 | D:9      | Upgraded the game from 0.31-a0-968-g24f9ace8b5 to
                  | 0.31-a0-971-g75a2e9a4b4
 10181 | D:9      | Noticed Jeremiah
 10245 | D:10     | Entered Level 10 of the Dungeon
 10301 | D:10     | Noticed a gargoyle
 10308 | D:10     | Killed a gargoyle
 10372 | D:10     | Reached skill level 11 in Axes
 10386 | D:10     | Reached XP level 11. HP: 65/69 MP: 11/11
 10494 | D:10     | Found a staircase to the Orcish Mines.
 10527 | D:10     | Found a radiant altar of Vehumet.
 10580 | D:10     | Noticed a two-headed ogre
 10586 | D:10     | Killed a two-headed ogre
 10746 | D:10     | Reached skill level 12 in Axes
 11192 | D:10     | Found a staircase to the Lair.
 11211 | D:10     | Noticed a two-headed ogre
 11217 | D:10     | Killed a two-headed ogre
 11746 | D:11     | Reached skill level 13 in Axes
 11772 | D:11     | Reached ***** piety under Trog
 11773 | D:11     | Reached skill level 10 in Fighting
 11813 | D:11     | Noticed a two-headed ogre
 11825 | D:11     | Killed a two-headed ogre
 12435 | D:12     | Noticed a centaur warrior
 12442 | D:12     | Killed a centaur warrior
 12443 | D:12     | Reached XP level 12. HP: 78/78 MP: 12/12
 12953 | D:12     | Reached skill level 14 in Axes
 13917 | Lair:1   | Entered Level 1 of the Lair of Beasts
 14250 | Lair:1   | Reached skill level 15 in Axes
 14444 | Lair:1   | Found a radiant altar of Vehumet.
 15094 | Lair:2   | Noticed a five-headed hydra
 15106 | Lair:2   | Killed a one-headed hydra
 15121 | Lair:2   | Reached XP level 13. HP: 62/85 MP: 13/13
 15266 | Lair:2   | Reached skill level 1 in Long Blades
 15400 | Lair:2   | Reached skill level 16 in Axes
 15679 | Lair:2   | Received a gift from Trog
 16362 | Lair:3   | Found a runed translucent gate.
 16362 | Lair:3   | Found a runed translucent gate.
 16363 | Lair:3   | Found a runed translucent gate.
 16364 | Lair:3   | Noticed a minotaur
 16396 | Lair:3   | Reached skill level 17 in Axes
 16458 | Lair:3   | Noticed SkeletonJelly's ghost (journeyman DsCK)
 16511 | Lair:3   | Found a staircase to the Swamp.
 17225 | Lair:3   | Found a hole to the Spider Nest.
 17469 | Lair:4   | Gained mutation: Your large and strong wings let you fly.
                  | [Gargoyle growth]
 17469 | Lair:4   | Reached XP level 14. HP: 79/92 MP: 14/14
 17633 | Lair:4   | Reached skill level 18 in Axes
 18084 | Lair:4   | Found a staircase to the Slime Pits.
 18336 | Lair:5   | Entered Level 5 of the Lair of Beasts
 18571 | Lair:5   | Received a gift from Trog
 18863 | Lair:5   | Reached skill level 19 in Axes
 19111 | Lair:5   | Found a corrupted altar of Lugonu.
 19111 | Lair:5   | Found a one-way gate to the infinite horrors of the Abyss.
 19209 | Lair:5   | Reached ****** piety under Trog
 19721 | Spider:1 | Entered Level 1 of the Spider Nest
 19721 | Spider:1 | Noticed an emperor scorpion
 19724 | Spider:1 | Noticed an emperor scorpion
 19848 | Lair:3   | Killed an emperor scorpion
 19963 | Lair:3   | Reached skill level 20 in Axes
 19967 | Lair:3   | Received a gift from Trog
 20004 | Lair:3   | Killed an emperor scorpion
 20005 | Lair:3   | Reached XP level 15. HP: 78/97 MP: 15/15
 20527 | Spider:1 | Noticed an emperor scorpion
 20546 | Spider:1 | Killed an emperor scorpion
 20601 | Spider:1 | Noticed Roxanne
 21018 | Spider:1 | Noticed an emperor scorpion
 21018 | Spider:1 | Noticed an emperor scorpion
 21028 | Spider:1 | Killed an emperor scorpion
 21036 | Spider:1 | Killed an emperor scorpion
 21227 | Spider:1 | Reached skill level 21 in Axes
 21262 | Spider:1 | Received a gift from Trog
 21452 | Spider:2 | Gained mutation: You have large cloven feet. [mutagenic
                  | glow]
 21463 | Spider:2 | Gained mutation: You are robust. (+10% HP) [mutagenic glow]
 21479 | Spider:2 | Gained mutation: Your body sometimes deteriorates upon
                  | taking damage. [mutagenic glow]
 21546 | Spider:2 | Noticed an emperor scorpion
 21704 | Spider:2 | Killed an emperor scorpion
 21922 | Spider:2 | Noticed a ghost moth
 21929 | Spider:2 | Killed a ghost moth
 22374 | Spider:3 | Noticed a ghost moth
 22383 | Spider:3 | Killed a ghost moth
 22384 | Spider:3 | Reached skill level 22 in Axes
 22426 | Spider:3 | Reached XP level 16. HP: 113/113 MP: 16/16
 22436 | Spider:3 | HP: 3/113 [tarantella (11)]
 22437 | Spider:3 | Slain by an entropy weaver

Illustrated notes

Levels and vault maps discovered:
D:1:      lordsloth_arrival_two_stooges, layout_loops_ring,
          basic_ecumenical_altar, serial_bayou_pond_c
D:2:      layout_basic
D:3:      layout_loops_ring, nemelex_diamond_rough_becter,
          hellmonk_ghost_happy_afterlife
D:4:      layout_loops_ring, lemuel_round_altar, lemuel_coloured_pillars_altar,
          gammafunk_temple_overflow_pools, minmay_misc_feat_tower, uniq_grinder,
          uniq_sigmund
D:5:      layout_basic, nicolae_dithmenos_the_darkroom
D:6:      minmay_general_purpose_star, layout_layer_cave, okawaru_gym_becter,
          mainiacjoe_overflow_small_starburst, old_standard_altar
D:7:      layout_loops_cross, minmay_temple_entry_drinking_statues,
          enter_bailey_2, nrook_uturn, kennysheep_potato
D:8:      layout_loops_corners, mainiacjoe_overflow_alcove_2,
          nicolae_gozag_zags_fifth_avenue
D:9:      layout_loops_cross, hellmonk_guarded_unrand_vitality_bloodlust,
          uniq_jeremiah, uniq_erica
D:10:     layout_stronghold, mainiacjoe_overflow_tiny_flanked,
          hellmonk_lair_entry_icy, david_orc_2, hex_tiny,
          amcnicky_mini_rare_corridor_liquid, lemuel_flamethrower_hall
D:11:     layout_cave_pools, grunt_decor_clamped, hangedman_fish_farm
D:12:     layout_loops_ring
Lair:1:   layout_gridlike, basic_altar
Lair:2:   nzn_winding_woodlands_cross [nzn_winding_woodlands_5x15_lazy_stream,
          nzn_winding_woodlands_5x15_longhouse, nzn_winding_woodlands_5x15_eye,
          nzn_winding_woodlands_5x15_default,
          nzn_winding_woodlands_15x15_boxy_spiral], layout_chaotic_city,
          kilobyte_rumbling_trees
Lair:3:   layout_loops_ring, minmay_swamp_entry_swarm,
          spider_nest_entry_funnel_web, maelrawn_ghost_gauntlet_escape,
          chequers_serial_rivers_large_b
Lair:4:   layout_roguey, dpeg_slime_entry_enclosed, lemuel_fruit_tree,
          serial_bayou_shore_a, grunt_megastairs_4
Lair:5:   hellmonk_lair_end_abyssal_woods, layout_regular_city, serial_bayou,
          serial_bayou_pond_d, serial_bayou_crossing, serial_bayou_pond_d,
          serial_bayou_pond_e
Spider:1: spiders_nest_scorpion_pit, uniq_roxanne
Spider:2: layout_cave_pods, guppyfry_hornet_nest
Spider:3: layout_spider_delve, nicolae_crawler_farm

Skill      XL: |  1  2  3  4  5  6  7  8  9 10 11 12 13 14 15 |
---------------+----------------------------------------------+-----
Axes           | 3 4 5 6 7 9 11 13 15 17 20 22 | 22.1
Dodging        | 2 3 |  3.2
Stealth        | 1 2 |  2.9
Fighting       | 4 5 6 7 8 10 11 12 | 12.4
Armour         | 3 5 7 |  7.6
Long Blades    | 2 |  2.3
Shields        | |  0.5

Action                     |  1- 3 |  4- 6 |  7- 9 | 10-12 | 13-15 | 16-18 || total
---------------------------+-------+-------+-------+-------+-------+-------++-------
  Melee: Hand axe          |   115 |   159 |   280 |       |       |       ||   554
         Punch             |       |     1 |     5 |       |       |       ||     6
         Battleaxe         |       |       |   126 |   493 |  1081 |     7 ||  1707
         Scimitar          |       |       |       |     7 |    17 |       ||    24
         Kick              |       |       |       |       |    42 |     3 ||    45
 Invoke: Berserk           |     1 |     3 |     6 |    14 |     6 |       ||    30
    Use: Scroll            |       |     3 |     3 |    18 |     6 |       ||    30
         Potion            |       |       |       |     2 |     4 |       ||     6
   Stab: Sleeping          |     2 |     2 |       |     1 |    16 |       ||    21
         Petrified         |       |       |       |       |     2 |       ||     2
         Distracted        |       |       |       |       |     1 |       ||     1
 Armour: Animal skin       |    78 |    50 |       |       |       |       ||   128
         Plate armour      |       |    50 |   364 |   449 |       |       ||   863
         Shadow dragon sca |       |       |       |   103 |  1301 |    55 ||  1459
  Dodge: Dodged            |    71 |    70 |   152 |   212 |   526 |    33 ||  1064
  Block: Other             |       |       |       |     1 |       |       ||     1

Table legend: (Time is in decaauts)
 A = Elapsed time spent in this place.
 B = Non-inter-level travel time spent in this place.
 C = Inter-level travel time spent in this place.
 D = Time resting spent in this place.
 E = Time spent auto-exploring this place.
 F = Levels seen in this place.
 G = Mean time per level.
                   A        B        C        D        E       F      G
               +--------+--------+--------+--------+--------+-----+--------+
         Total |  22612 |  21767 |    845 |   6174 |  11511 |  21 | 1076.8 |
       Dungeon |  13885 |  13496 |    389 |   4700 |   6620 |  12 | 1157.1 |
          Lair |   6104 |   5771 |    333 |    876 |   3635 |   5 | 1220.8 |
   Spider Nest |   2220 |   2098 |    122 |    376 |   1140 |   3 |  740.0 |
        Bailey |    402 |    402 |      0 |    221 |    116 |   1 |  402.0 |
               +--------+--------+--------+--------+--------+-----+--------+

Top non-repeatable levels by time:
     D:6: 1812 daAuts
  Lair:3: 1607 daAuts
    D:12: 1572 daAuts
     D:4: 1404 daAuts
  Lair:2: 1376 daAuts
     D:5: 1347 daAuts
    D:10: 1330 daAuts
  Lair:5: 1272 daAuts
     D:1: 1220 daAuts
Spider:1: 1188 daAuts
     D:9: 1111 daAuts
     D:2: 1046 daAuts
  Lair:1: 953 daAuts
Spider:2: 951 daAuts
  Lair:4: 894 daAuts
